 Dungeon Crawl Stone Soup version 0.29.1-15-g9cfb28693d (webtiles) character file.

Game seed: 475883453294121314

14 hwolsky the Shield-Bearer (level 2, 27/27 HPs)
             Began as a Minotaur Fighter on Apr 28, 2023.
             Quit the game on level 1 of the Dungeon.
             The game lasted 00:02:27 (289 turns).

hwolsky the Shield-Bearer (Minotaur Fighter)         Turns: 289, Time: 00:02:27

Health: 27/27      AC: 11    Str: 20    XL:     2   Next: 27%
Magic:  1/1        EV:  5    Int:  5    God:
Gold:   0          SH:  4    Dex:  9    Spells: 1/1 levels left

rFire   . . .      SeeInvis .   a - +0 war axe
rCold   . . .      Faith    .   c - +0 buckler
rNeg    . . .      Spirit   .   i - +0 plate armour
rPois   .          Reflect  .   (helmet restricted)
rElec   .          Harm     .   (no cloak)
rCorr   .          Rampage  .   (no gloves)
Will    .....                   (no boots)
Stlth   ..........              (no amulet)
HPRegen 0.09/turn               (no ring)
MPRegen 0.07/turn               (no ring)

@: no status effects
A: horns 2, retaliatory headbutt
a: no special abilities


You were on level 1 of the Dungeon.
You visited 1 branch of the dungeon, and saw 1 of its levels.

Inventory:

Hand Weapons
 a - a +0 war axe (weapon)
Armour
 c - a +0 buckler (worn)
 i - a +0 plate armour (worn)
Scrolls
 e - a scroll of blinking {unknown}
 g - a scroll of amnesia {unknown}
 h - 2 scrolls of identify {unknown}
Potions
 b - a potion of ambrosia {unknown}
 d - a potion of might
 f - a potion of curing {unknown}


   Skills:
 + Level 3.8 Fighting
 * Level 3.0 Axes
 + Level 3.8 Armour
 + Level 3.8 Shields


You had one spell level left.
You didn't know any spells.
Your spell library contained the following spells:

 Spells                   Type           Power      Damage    Failure   Level
 Slow                     Hex            0%         N/A       100%        1
 Sublimation of Blood     Necr           0%         N/A       100%        2
 Wereblood                Tmut           0%         N/A       100%        2
 Confusing Touch          Hex            0%         N/A       100%        3
 Vampiric Draining        Necr           0%         2d6       100%        3
 Summon Hydra             Summ           0%         N/A       100%        7


Dungeon Overview and Level Annotations

Branches:
Dungeon (1/15)

Altars:


Innate Abilities, Weirdness & Mutations

You have a pair of horns on your head.
You reflexively headbutt those who attack you in melee.


Message History

The endoplasm quivers.
A giant cockroach comes into view.
The rat bites you but does no damage.
You slash the rat!
You kill the rat!
You slash the endoplasm!
You kill the endoplasm!
You have reached level 2!
You slash the giant cockroach!
You kill the giant cockroach!
You see here a rat corpse.
h - 2 scrolls labelled RUMNAECISA (gained 1)
You see here a rat corpse.
A kobold and a ball python come into view.
The kobold shouts!
The ball python hisses angrily.
Found a club.
You slash the ball python!
You kill the ball python!
The kobold throws a stone.
You block the stone. The kobold barely misses you.
You see here a ball python corpse.
You slash the kobold!
You kill the kobold!
Things that are here:
a +0 club; 3 stones You see here a +0 club.
A ball python comes into view.
You closely miss the ball python.
The ball python bites you but does no damage.
The ball python grabs you. The ball python constricts you.
You barely miss the ball python.
The ball python bites you but does no damage.
The ball python constricts you. You block the ball python's attack.
The ball python constricts you.
You slash the ball python!
You kill the ball python!
Your Axes skill increases to level 3!
Found a mace.
Unknown command.
Are you sure you want to abandon this character and quit the game? (Confirm with "yes".)

##..##.......
#............
#.###........
##.#
#........
###..#
#.#......
#...##
#..#.....
####.###
##...####
#....# ###.#
# #.@..# #.#
# #....# #.$
# #....# ##
#....# ##.
#..).# ###.)
#....# #...#
###### #)###
#.### #....


There were no monsters in sight!

Vanquished Creatures
  2 ball pythons (D:1)
  2 endoplasms (D:1)
  2 giant cockroaches (D:1)
  A goblin (D:1)
  A quokka (D:1)
  2 kobolds (D:1)
  A rat (D:1)
11 creatures vanquished.

Notes
Turn   | Place    | Note
-------+----------+-------------------------------------------
     0 | D:1      | hwolsky the Minotaur Fighter began the quest for the Orb.
     0 | D:1      | Reached XP level 1. HP: 19/19 MP: 0/0
   206 | D:1      | Reached XP level 2. HP: 27/27 MP: 1/1
   289 | D:1      | Quit the game

Illustrated notes

Levels and vault maps discovered:
D:1:      lemuel_arrival_river_ford, layout_rooms,
          hellmonk_ecumenical_altar_prayer_group, serial_shops,
          nicolae_shop_behind_doors

Skill      XL: |  1  2 |
---------------+-------+-----
Axes           | 3 |  3.0
Fighting       | |  3.8
Armour         | |  3.8
Shields        | |  3.8

Action                   || total
-------------------------++-------
Melee: War axe           ||    13
       Headbutt          ||     1
Armor: Scale mail        ||     3
       Plate armour      ||     3
Dodge: Dodged            ||     5
Block: Buckler           ||     2
